 Dungeon Crawl Stone Soup version 0.32-a0-132-g2d33c3cfaf (webtiles) character file.

Game seed: 4638180694400006182

1060 juan097 the Cleaver (level 8, 0/71 HPs)
             Began as a Minotaur Fighter on Feb 9, 2024.
             Was a Believer of Ru.
             Slain by a wyvern (6 damage)
             ... on level 5 of the Dungeon.
             The game lasted 00:07:25 (3390 turns).

juan097 the Cleaver (Minotaur Fighter)              Turns: 3390, Time: 00:07:26

Health: 0/71       AC:  8    Str: 23    XL:     8   Next: 6%
Magic:  7/7        EV: 10    Int:  5    God:    Ru [**....]
Gold:   236        SH:  0    Dex: 10    Spells: 7/7 levels left

rFire   . . .        a - +1 hand axe (venom)
rCold   . . .        c - +0 buckler
rNeg    . . .        f - +0 scale mail
rPois   .            (helmet restricted)
rElec   .            n - +0 cloak
rCorr   .            (no gloves)
SInv    .            (no boots)
Will    .....        (no amulet) Stlth
                     (no ring)
HPRegen 0.31/turn    (no ring)
MPRegen 0.10/turn

%: no passive effects
@: confused, ambrosia-drunk
A: horns 2, hated by all, retaliatory headbutt
a: Renounce Religion


You were on level 5 of the Dungeon.
You worshipped Ru.
Ru was pleased with you.
You visited 2 branches of the dungeon, and saw 6 of its levels.

You collected 236 gold pieces.

Inventory:

Hand Weapons
 a - a +1 hand axe of venom (weapon)
 b - a +0 sling
 w - a +0 war axe
 y - a +1 hand axe of flaming
Missiles
 x - 2 boomerangs (quivered)
Armour
 c - a +0 buckler (worn)
 f - a +0 scale mail (worn)
 n - a +0 cloak (worn)
Scrolls
 g - 3 scrolls of identify {unknown}
 h - a scroll of immolation {unknown}
 i - a scroll of poison {unknown}
 k - a scroll of blinking {unknown}
 m - 4 scrolls of teleportation {unknown}
 o - a scroll of noise {unknown}
 q - 2 scrolls of amnesia {unknown}
 s - a scroll of silence {unknown}
 u - a scroll of fear {unknown}
 A - 2 scrolls of brand weapon {unknown}
Potions
 d - a potion of might
 j - a potion of curing {unknown}
 l - 2 potions of haste {unknown}
 p - a potion of brilliance {unknown}
 r - a potion of invisibility {unknown}
 t - a potion of heal wounds {unknown}
 v - a potion of lignification {unknown}
 z - a potion of degeneration {unknown}


   Skills:
 + Level 6.5 Fighting
 + Level 8.4 Axes
 + Level 1.8 Throwing
 + Level 4.4 Armour
 + Level 2.0 Dodging
 - Level 5.0 Shields


You had 7 spell levels left.
You didn't know any spells.
Your spell library contained the following spells:

 Spells                   Type           Power      Damage    Failure   Level
 Freeze                   Ice            0%         1d3       83%         1
 Scorch                   Fire           0%         2d5       93%         2
 Frozen Ramparts          Ice            0%         1d1       99%         3
 Gell's Gravitas          Tloc           0%         N/A       99%         3
 Hailstorm                Conj/Ice       0%         3d5       99%         3
 Teleport Other           Tloc           0%         N/A       99%         3
 Volatile Blastmotes      Fire/Tloc      0%         2d10      99%         3
 Flame Wave               Conj/Fire      0%         2d4       100%        4
 Fulminant Prism          Conj/Alch      0%         3d5       100%        4
 Iskenderun's Mystic Bla  Conj/Tloc      0%         2d3       100%        4
 Dispersal                Tloc           0%         N/A       100%        6
 Summon Ice Beast         Ice/Summ       Unusable   N/A       N/A         3
 Summon Mana Viper        Hex/Summ       Unusable   N/A       N/A         5
 Summon Cactus Giant      Summ           Unusable   N/A       N/A         6
 Monstrous Menagerie      Summ           Unusable   N/A       N/A         7

Dungeon Overview and Level Annotations

Branches:
Dungeon (5/15)             Temple (1/1) D:5

Altars:
Ashenzari
Cheibriados
Dithmenos
Elyvilon
Gozag
Kikubaaqudgha
Nemelex Xobeh
Okawaru
Qazlal
Ru
Sif Muna
Trog
Uskayaw
Zin
The Shining One

Annotations:
D:2 1 runed translucent door, Crazy Yiuf
D:4 Pargi


Innate Abilities, Weirdness & Mutations

You have a pair of horns on your head.
You are hated by all.
You reflexively headbutt those who attack you in melee.


Message History

You feel stronger.
Things that are here:
a +1 whip of freezing; a +0 robe
Okay, then.
Found a tower shield.
Found a leather armour.
A wyvern comes into view.
You see here a +0 tower shield.
Your +1 hand axe of venom stops dripping with poison.
b - a +0 sling (weapon)
You shoot a sling bullet.
The sling bullet closely misses the wyvern.
Your +1 hand axe of venom begins to drip with poison!
a - a +1 hand axe of venom (weapon)
The wyvern bites you! x2
You hit the wyvern.
The wyvern is poisoned.
The wyvern is lightly wounded.
The wyvern barely misses you.
You hit the wyvern.
The wyvern looks as sick as possible!
The wyvern is moderately wounded.
The wyvern bites you!
You hit the wyvern but do no damage.
The wyvern is moderately wounded.
The wyvern bites you!
You are too injured to fight recklessly!
You hit the wyvern.
The wyvern is heavily wounded.
The wyvern barely misses you. You furiously retaliate!
You headbutt the wyvern! The wyvern bites you!
* * * LOW HITPOINT WARNING * * *
You see here a +0 tower shield.
The wyvern closely misses you. You furiously retaliate!
You headbutt the wyvern, but do no damage.
The wyvern bites you!
* * * LOW HITPOINT WARNING * * *
It was a potion of ambrosia.
You are confused.
You feel invigorated. The wyvern bites you.
You die...
Ru respects your ultimate sacrifice.

.≈.......≈.............†.##
≈≈≈≈≈≈≈≈≈...............## #
.........................#
[. #..........##......#.....
...#.......#.####.#...#.....
.....#.[##..##.#..#.#.#...
.##..#..#.......[..###....
.##.....k....#..#...#...#.
#...####..@.......#.....#..
#...............#####.>.####
# ...........#.....#.....#
..##.......#....#...#...#
...........##......###....
.###.......###)...#.# #..#
.........###...#...# .##
...#......###.##....# ##
...#....#.............


You could see a wyvern (very poisoned).

Vanquished Creatures
  Pikel (D:5)
  A black bear (D:3)
  An ogre (D:4)
  2 lemures (D:5)
  2 hounds (D:5)
  A bombardier beetle (D:4)
  A jelly (D:5)
  An orc priest (D:4)
  Jessica (D:2)
  Natasha (twice) (D:3)
  An iguana (D:4)
  6 gnolls (D:4)
  2 adders
  4 dart slugs
  2 ribbon worms
  7 orcs
  10 ball pythons
  9 endoplasms
  4 giant cockroaches
  2 goblins (D:3)
  4 hobgoblins
  15 jackals
  5 quokkas
  5 bats
  4 frilled lizards
  7 kobolds
  A rat (D:1)
101 creatures vanquished.

Notes
Turn   | Place    | Note
-------+----------+-------------------------------------------
     0 | D:1      | juan097 the Minotaur Fighter began the quest for the Orb.
     0 | D:1      | Reached XP level 1. HP: 19/19 MP: 0/0
   121 | D:1      | Reached XP level 2. HP: 22/27 MP: 1/1
   273 | D:1      | Reached skill level 3 in Axes
   837 | D:2      | Reached XP level 3. HP: 30/33 MP: 2/2
   874 | D:2      | Noticed Jessica
   883 | D:2      | Killed Jessica
   913 | D:2      | Reached XP level 4. HP: 32/41 MP: 3/3
  1014 | D:2      | Found a runed translucent door.
  1015 | D:2      | Noticed Crazy Yiuf
  1461 | D:3      | Found a faded altar of an unknown god.
  1520 | D:3      | Prayed at the altar of an unknown god.
  1520 | D:3      | Became a worshipper of Ru the Awakened
  1547 | D:3      | Gained mutation: You are hated by all. [Ru sacrifice]
  1547 | D:3      | Reached * piety under Ru
  1547 | D:3      | Reached ** piety under Ru
  1793 | D:3      | Noticed Natasha
  1801 | D:3      | Killed Natasha
  1802 | D:3      | Reached skill level 4 in Axes
  1804 | D:3      | Noticed Natasha
  1809 | D:3      | Killed Natasha
  1810 | D:3      | Reached skill level 5 in Fighting
  1810 | D:3      | Reached skill level 5 in Shields
  1810 | D:3      | Reached XP level 5. HP: 43/48 MP: 4/4
  1844 | D:3      | Found a shimmering blue altar of Sif Muna.
  2180 | D:3      | Noticed a black bear
  2193 | D:3      | Killed a black bear
  2194 | D:3      | Reached skill level 5 in Axes
  2414 | D:4      | Reached XP level 6. HP: 57/57 MP: 5/5
  2457 | D:4      | Reached skill level 6 in Axes
  2670 | D:4      | Noticed Pargi
  2901 | D:4      | Reached skill level 7 in Axes
  2998 | D:4      | Reached XP level 7. HP: 63/63 MP: 6/6
  3128 | D:5      | Entered Level 5 of the Dungeon
  3204 | D:5      | Found a hide-covered altar of Uskayaw.
  3245 | D:5      | Found a staircase to the Ecumenical Temple.
  3258 | Temple   | Entered the Ecumenical Temple
  3311 | D:5      | Noticed Pikel
  3324 | D:5      | Killed Pikel
  3325 | D:5      | Reached skill level 8 in Axes
  3325 | D:5      | Reached skill level 1 in Throwing
  3325 | D:5      | Reached XP level 8. HP: 60/71 MP: 7/7
  3389 | D:5      | HP: 2/71 [wyvern (12)]
  3390 | D:5      | Slain by a wyvern

Illustrated notes

Levels and vault maps discovered:
D:1:      dpeg_arrival_court, layout_basic, st_stairs_7
D:2:      layout_rooms, amethyst_killhole, uniq_crazy_yiuf_cottage, uniq_jessica
D:3:      layout_loops_corners, old_standard_altar,
          chequers_ecumenical_altar_grove, minmay_bisected, uniq_natasha
D:4:      layout_loops_ring, serial_co_window_serial, co_window_paths_b,
          co_window_paths_b, co_window_of_opportunity_a,
          co_window_of_opportunity_a, co_window_paths_a,
          co_window_of_opportunity_c, co_window_corner_ca, co_window_broadway_b,
          co_window_cross_4, co_window_corner_b, co_window_of_opportunity_b,
          co_window_broadway_c, co_window_4corner_a, glass_columns_a,
          glass_columns_b, glass_columns_c, serial_bayou_crossing, uniq_pargi
D:5:      layout_cave_pools, mainiacjoe_overflow_concentric_impassable,
          minmay_temple_entry_arrows, minmay_misc_feat_cross, uniq_sigmund,
          uniq_grinder, uniq_pikel
Temple:   compressed_dpeg_circular_temple

Skill      XL: |  1  2  3  4  5  6  7 |
---------------+----------------------+-----
Fighting       | 4 5 6 |  6.5
Shields        | 4 5 |  5.0
Axes           | 3 4 5 7 8 |  8.4
Throwing       | 1 |  1.8
Armour         | 4 |  4.4
Dodging        | 2 |  2.0

Action                     |  1- 3 |  4- 6 |  7- 9 || total
---------------------------+-------+-------+-------++-------
  Melee: War axe           |    62 |     6 |       ||    68
         Headbutt          |    11 |    19 |     3 ||    33
         Hand axe          |       |    90 |    29 ||   119
   Fire: Sling             |    21 |    38 |     6 ||    65
  Throw: Boomerang         |       |     1 |     2 ||     3
 Invoke: Sacrifice Love    |       |     1 |       ||     1
    Use: Potion            |       |       |     1 ||     1
 Armour: Scale mail        |    64 |    66 |    20 ||   150
  Dodge: Dodged            |    38 |    45 |    12 ||    95
  Block: Buckler           |    16 |    20 |     2 ||    38

Table legend: (Time is in decaauts)
 A = Elapsed time spent in this place.
 B = Non-inter-level travel time spent in this place.
 C = Inter-level travel time spent in this place.
 D = Time resting spent in this place.
 E = Time spent auto-exploring this place.
 F = Levels seen in this place.
 G = Mean time per level.
                   A        B        C        D        E       F      G
               +--------+--------+--------+--------+--------+-----+--------+
         Total |   3447 |   3293 |    154 |     35 |   2506 |   6 |  574.5 |
       Dungeon |   3445 |   3291 |    154 |     35 |   2506 |   5 |  689.0 |
        Temple |      1 |      1 |      0 |      0 |      0 |   1 |    1.0 |
               +--------+--------+--------+--------+--------+-----+--------+

Top non-repeatable levels by time:
     D:3: 1129 daAuts
     D:1: 839 daAuts
     D:4: 717 daAuts
     D:2: 500 daAuts
     D:5: 258 daAuts
  Temple: 1 daAuts
